 Seeded DCSS version 0.29-a0-8-g0446c0dae4 (webtiles) character file.

Game seed: 15814994978132999474 (custom seed)

5361 wilfster70 the Geomancer (level 10, -6/58 HPs)
             Began as a Gargoyle Earth Elementalist on Jan 27, 2022.
             Was a Follower of Okawaru.
             Mangled by an orc warrior (15 damage)
             ... in a bailey.
             The game lasted 00:19:42 (7917 turns).

wilfster70 the Geomancer (GrEE)                     Turns: 7917, Time: 00:19:42

Health: -6/58      AC: 19    Str: 12    XL:     10   Next: 65%
Magic:  19/20      EV: 10    Int: 20    God:    Okawaru [*.....]
Gold:   513        SH: 10    Dex: 10    Spells: 15/23 levels left

rFire   . . .      SeeInvis .   a - +7 war axe (flame)
rCold   . . .      Faith    .   h - +0 kite shield "Naneric" {Slay+3}
rNeg    + + .      Spirit   .   n - +7 leather armour of Distant Shores {rN+}
rPois   ∞          Reflect  .   (no helmet)
rElec   +          Harm     .   (no cloak)
rCorr   .          Rampage  .   (no gloves)
Will    .....                   i - +1 pair of boots
Stlth   ++........              (no amulet)
HPRegen 0.19/turn               (no ring)
MPRegen 0.17/turn               (no ring)

@: no status effects
A: sickness immunity, AC +7, negative energy resistance 1, electricity
resistance, torment resistance 1, petrification resistance
a: Renounce Religion, Heroism


You were in a bailey.
You worshipped Okawaru.
Okawaru was aware of your devotion.
You visited 2 branches of the dungeon, and saw 10 of its levels.
You also visited: Bailey.

You collected 567 gold pieces.
You spent 54 gold pieces at shops.

Inventory:

Hand Weapons
 a - a +7 war axe of flaming (weapon)
Missiles
 c - 106 stones
 r - 9 boomerangs
Armour
 h - the +0 kite shield "Naneric" (worn) {Slay+3}
   (You found it on level 2 of the Dungeon)

   Slay:      It affects your accuracy & damage with ranged weapons and melee
   (+3).
 i - a +1 pair of boots (worn)
 n - the +7 leather armour of Distant Shores (worn) {rN+}
   (You found it on level 3 of the Dungeon)

   rN:        It protects you from negative energy.
Jewellery
 k - a ring of positive energy
 z - a ring of ice
 B - a ring of wizardry
Wands
 x - a wand of polymorph (9)
 C - a wand of acid (7)
Scrolls
 b - a scroll of blinking
 f - a scroll of enchant weapon
 m - a scroll of magic mapping {unknown}
 p - a scroll of amnesia
 u - 3 scrolls of fear {unknown}
Potions
 d - a potion of brilliance
 e - 2 potions of might
 j - a potion of haste
 l - 4 potions of curing
 o - a potion of cancellation
 q - 2 potions of magic
 s - 3 potions of mutation
 A - a potion of ambrosia


   Skills:
 - Level 4.9 Fighting
 - Level 1.5 Dodging
 - Level 2.1 Stealth
 - Level 10.0 Shields
 - Level 7.3 Spellcasting
 + Level 9.5 Conjurations
 - Level 0.7 Transmutations
 + Level 4.8 Fire Magic
 - Level 10.0 Earth Magic
 + Level 0.4 Invocations


You had 15 spell levels left.
You knew the following spells:

 Your Spells              Type           Power      Damage    Failure   Level
a - Sandblast             Erth           94%        2d19      1%          1
b - Stone Arrow           Conj/Erth      92%        3d12      1%          3
c - Sticky Flame          Conj/Fire      36%        2d6       14%         4

Your spell library contained the following spells:

 Spells                   Type           Power      Damage    Failure   Level
 Passwall                 Tmut/Erth      23%        N/A       4%          2
 Static Discharge         Conj/Air       26%        N/A       5%          2
 Petrify                  Tmut/Erth      28%        N/A       28%         4
 Blink                    Tloc           14%        N/A       38%         2
 Ensorcelled Hibernation  Hex/Ice        14%        N/A       38%         2
 Spider Form              Tmut/Pois      8%         N/A       56%         3
 Gell's Gravitas          Tloc           7%         N/A       63%         3
 Lesser Beckoning         Tloc           7%         N/A       63%         3
 Swiftness                Air            7%         N/A       63%         3
 Teleport Other           Tloc           7%         N/A       63%         3
 Lightning Bolt           Conj/Air       13%        1d26      71%         5
 Airstrike                Air            3%         N/A       95%         4
 Anguish                  Hex/Necr       3%         N/A       95%         4
 Dispel Undead            Necr           7%         3d8       95%         4
 Olgreb's Toxic Radiance  Pois           7%         N/A       95%         4
 Ozocubu's Refrigeration  Ice            3%         4d5       100%        7
 Borgnjor's Revivificati  Necr           3%         N/A       100%        8
 Ignition                 Fire           13%        3d6       100%        8
 Necromutation            Tmut/Necr      4%         N/A       100%        8
 Death's Door             Necr           3%         N/A       100%        9
 Summon Lightning Spire   Summ/Air       Unusable   N/A       N/A         4

Dungeon Overview and Level Annotations

Branches:
Dungeon (9/15)             Temple (1/1) D:7             Orc (0/2) D:9
 Bailey (1/1)
   Lair: D:8-11

Altars:
Ashenzari
Cheibriados
Dithmenos
Elyvilon
Fedhas
Gozag
Hepliaklqana
Kikubaaqudgha
Makhleb
Nemelex Xobeh
Okawaru
Qazlal
Ru
Sif Muna
Trog
Uskayaw
Vehumet
Wu Jian
Xom
Yredelemnul
Zin
The Shining One

Shops:
D:2 [   D:6 *


Innate Abilities, Weirdness & Mutations

You are immune to sickness and miasma.
Your stone body is resilient. (AC +7)
You are immune to poison.
You resist negative energy. (rN+)
You are resistant to electric shocks. (rElec)
You are resistant to unholy torment.
You are immune to petrification.


Message History

* * * LOW HITPOINT WARNING * * *
The orc warrior hits you with a +0 war axe!
* * * LOW HITPOINT WARNING * * *
You feel much better. You block the orc warrior's attack.
You hit the orc warrior. You burn the orc warrior.
The orc warrior is severely wounded.
You barely miss the orc warrior. You hit the kobold brigand.
You burn the kobold brigand. The kobold brigand barely misses you.
The orc warrior barely misses you. You block the orc warrior's attack.
You hit the orc warrior. You burn the orc warrior.
The orc warrior is almost dead.
You slash the kobold brigand! You burn the kobold brigand.
You slash the orc warrior! You burn the orc warrior.
The kobold brigand misses you. The orc warrior barely misses you.
You block the orc warrior's attack.
The orc warrior hits you with a +0 war axe!
* * * LOW HITPOINT WARNING * * *
The orc warrior hits you with a +0 war axe.
* * * LOW HITPOINT WARNING * * *
The kobold brigand hits you but does no damage.
You hit the kobold brigand. You burn the kobold brigand.
The kobold brigand is almost dead.
You barely miss the orc warrior.
You hit the orc warrior but do no damage.
You block the kobold brigand's attack. You block the orc warrior's attack.
The orc warrior hits you with a +0 war axe!
* * * LOW HITPOINT WARNING * * *
You slash the kobold brigand! You burn the kobold brigand.
You kill the kobold brigand!
Okawaru accepts your kill.
You hit the orc warrior. You burn the orc warrior.
You barely miss the orc warrior. You block the orc warrior's attack.
The orc warrior closely misses you. You block the orc warrior's attack.
You hit the orc warrior but do no damage.
The orc warrior is almost dead.
You slash the orc warrior! You burn the orc warrior.
You feel like a meek peon again.
The orc warrior hits you with a +0 war axe!
You die...

.≈≈.......≈≈...
#≈≈.......≈≈###
.≈≈.......≈≈...
#≈≈.......≈≈###
##≈.......≈##
####'''####
##.....##
#∩)...(∩#
#...8@..#
##.ooo.##
###)### #...#
#.....)...#
#.............#
...............
...............
#.............#


You could see 3 orc warriors.

Vanquished Creatures
  A two-headed ogre (D:8)
  Pikel (D:8)
  A vampire (D:9)
  A wraith (D:9)
  2 steam dragons
  2 ice beasts
  3 orc warriors
  A sky beast (D:8)
  2 black bears
  A necrophage (D:5)
  2 ogres
  5 centaurs
  A lemure (D:8)
  6 kobold brigands
  3 bullfrogs
  2 scorpions
  3 killer bees (D:8)
  2 howler monkeys
  5 wights
  A centaur zombie (D:5)
  2 jellies
  4 orc priests
  A centaur skeleton (D:5)
  A hound (D:5)
  Jessica (D:3)
  2 iguanas (D:5)
  4 orc wizards
  4 gnolls
  8 adders
  2 shadow imps
  A white imp (D:7)
  An ufetubus (D:5)
  An adder zombie (D:5)
  An adder skeleton (D:5)
  A worm (D:2)
  3 dart slugs
  25 orcs
  4 bats
  4 endoplasms
  4 giant cockroaches
  11 goblins
  9 hobgoblins
  6 jackals (D:1)
  5 quokkas
  5 ball pythons
  4 frilled lizards
  22 kobolds
  5 rats
186 creatures vanquished.

Vanquished Creatures (others)
  A plant (D:1)
1 creature vanquished.

Grand Total: 187 creatures vanquished

Notes
Turn   | Place    | Note
-------+----------+-------------------------------------------
     0 | D:1      | wilfster70 the Gargoyle Earth Elementalist began the quest
                  | for the Orb.
     0 | D:1      | Reached XP level 1. HP: 10/10 MP: 3/3
   139 | D:1      | Reached XP level 2. HP: 6/15 MP: 0/5
   873 | D:1      | Reached XP level 3. HP: 19/19 MP: 4/6
  1058 | D:1      | Learned a level 3 spell: Stone Arrow
  1304 | D:1      | Found a faded altar of an unknown god.
  1687 | D:2      | Identified the +0 kite shield "Naneric" {Slay+3}
  1717 | D:2      | Reached XP level 4. HP: 20/24 MP: 3/8
  1896 | D:2      | Found Seluut's Armour Shop.
  1899 | D:2      | Bought a +0 pair of boots for 54 gold pieces
  2035 | D:2      | Reached skill level 5 in Earth Magic
  2478 | D:3      | Reached skill level 1 in Conjurations
  2896 | D:3      | Identified the +7 leather armour of Distant Shores {rN+}
  2956 | D:3      | Reached XP level 5. HP: 28/28 MP: 10/10
  3419 | D:3      | Noticed Jessica
  3439 | D:3      | Killed Jessica
  3475 | D:3      | Got Jessica's Papyrus of Dislocation
  3488 | D:3      | Reached skill level 10 in Earth Magic
  3488 | D:3      | Reached XP level 6. HP: 32/32 MP: 11/16
  3621 | D:3      | Reached skill level 10 in Shields
  3621 | D:3      | Reached XP level 7. HP: 36/36 MP: 17/17
  4070 | D:4      | Reached skill level 1 in Fighting
  4070 | D:4      | Reached XP level 8. HP: 26/43 MP: 14/18
  4733 | D:5      | Entered Level 5 of the Dungeon
  5397 | D:6      | Reached XP level 9. HP: 48/53 MP: 19/19
  5402 | D:6      | Learned a level 4 spell: Sticky Flame
  5465 | D:6      | Reached skill level 1 in Fire Magic
  5690 | D:6      | Found Limiss's Sacrilege Store.
  5740 | D:6      | You fall into a shaft and drop 2 floors!
  5867 | D:8      | Noticed a two-headed ogre
  5877 | D:8      | Killed a two-headed ogre
  6102 | D:8      | Reached XP level 10. HP: 22/58 MP: 17/20
  6278 | D:8      | Noticed Pikel
  6285 | D:8      | Killed Pikel
  6636 | D:7      | Found a staircase to the Ecumenical Temple.
  6682 | Temple   | Entered the Ecumenical Temple
  6759 | Temple   | Became a worshipper of Warmaster Okawaru
  7485 | D:7      | Found a glowing golden altar of the Shining One.
  7710 | D:9      | Found a staircase to the Orcish Mines.
  7717 | D:9      | Reached * piety under Okawaru
  7765 | D:9      | Found a flagged portal.
  7790 | Bailey   | Entered a bailey
  7900 | Bailey   | Found an iron altar of Okawaru.
  7917 | Bailey   | Mangled by an orc warrior

Illustrated notes

Levels and vault maps discovered:
D:1:      lightli_arrival_statue_moat, layout_basic,
          dilly_ecumenical_altar_fadedgnrine
D:2:      layout_basic, serial_shops, nicolae_shop_behind_doors, hex_tiny
D:3:      layout_basic, kennysheep_jessica_study
D:4:      layout_layer_cave
D:5:      layout_rooms, minmay_fountain_box, minmay_pentangle
D:6:      layout_rooms, serial_shops, shop, nicolae_evil_shop, uniq_edmund,
          uniq_blork_the_orc
D:7:      layout_loops_cross, nicolae_overflow_crystal_walls,
          minmay_temple_entry_waves
D:8:      layout_rooms, chequers_arboretum, grunt_ministairs_8, uniq_pikel
D:9:      layout_roguey, minmay_orc_entry_temple_small, enter_bailey_5
Temple:   mainiacjoe_temple_starburst
Bailey:   bailey_axe_3, bailey

Skill      XL: |  1  2  3  4  5  6  7  8  9 10 |
---------------+-------------------------------+-----
Earth Magic    | 4 5 10 | 10.0
Spellcasting   | 3 7 |  7.3
Conjurations   | 1 7 8 9 |  9.5
Shields        | 10 | 10.0
Fighting       | 1 4 |  4.9
Fire Magic     | 3 4 |  4.8
Dodging        | |  1.5
Stealth        | |  2.1
Transmutations | |  0.7
Invocations    | |  0.4

Action                   |  1- 3 |  4- 6 |  7- 9 | 10-12 || total
-------------------------+-------+-------+-------+-------++-------
Melee: Trident           |     7 |       |       |       ||     7
       Spear             |     1 |       |       |       ||     1
       Unarmed           |     1 |       |       |       ||     1
       Dagger            |   162 |   141 |    29 |       ||   332
       Punch             |     1 |     2 |       |       ||     3
       Flail             |       |       |   146 |    52 ||   198
       War axe           |       |       |       |    54 ||    54
 Cast: Sandblast         |    20 |    28 |    29 |     4 ||    81
       Stone Arrow       |       |     2 |    10 |    10 ||    22
Invok: Heroism           |       |       |       |     1 ||     1
Evoke: Wand              |       |       |       |     1 ||     1
  Use: Potion            |       |     4 |     1 |     2 ||     7
       Scroll            |       |       |     7 |    10 ||    17
 Stab: Sleeping          |     1 |     1 |       |       ||     2
Armor: Robe              |    47 |    38 |       |       ||    85
       Leather armour    |       |     5 |   147 |   102 ||   254
Dodge: Dodged            |    85 |    93 |   111 |    76 ||   365
Block: Kite shield       |       |       |   171 |    91 ||   262

Table legend: (Time is in decaauts)
 A = Elapsed time spent in this place.
 B = Non-inter-level travel time spent in this place.
 C = Inter-level travel time spent in this place.
 D = Time resting spent in this place.
 E = Time spent auto-exploring this place.
 F = Levels seen in this place.
 G = Mean time per level.
                   A        B        C        D        E       F      G
               +--------+--------+--------+--------+--------+-----+--------+
         Total |   7952 |   7724 |    228 |   2051 |   2838 |  11 |  722.9 |
       Dungeon |   7673 |   7506 |    167 |   1998 |   2838 |   9 |  852.6 |
        Temple |    138 |     77 |     61 |      0 |      0 |   1 |  138.0 |
        Bailey |    139 |    139 |      0 |     53 |      0 |   1 |  139.0 |
               +--------+--------+--------+--------+--------+-----+--------+

Top non-repeatable levels by time:
     D:1: 1572 daAuts
     D:3: 1461 daAuts
     D:8: 1044 daAuts
     D:4: 900 daAuts
     D:7: 771 daAuts
     D:2: 711 daAuts
     D:5: 680 daAuts
     D:6: 374 daAuts
     D:9: 156 daAuts
  Bailey: 139 daAuts
  Temple: 138 daAuts
